AoeStats
← sakeone

Fortress

509168276Analyzed
2v2 RM · 8d ago on Sep 25, 2026· 45m 26s· 4 players
Game mode
Random Map
Map size
Normal (6 player)
Population
200
Speed
Normal
Resources
Standard
Victory
Conquest
Starting age
Dark Age
Ending age
Imperial Age
RankedLock teamsTeams togetherTeam positionsShared explorationLock speedFull tech treeHidden civsTurbo modeCheats
Victory
Defeat
🇪🇸 Cumans · Spain
890
+16
🇪🇸 Vikings · Spain
874
+16
🇪🇸 Vikings · Spain
931
-18
🇪🇸 Saxons · Spain
833
-14
sakeone
3:43 Loom
7:42 Feudal Age
8:59 Double-Bit Axe
11:47 Gold Mining
11:53 Horse Collar
13:34 Wheelbarrow
16:46 Castle Age
16:26 Scale Barding Armor
16:23 Scale Mail Armor
16:34 Forging
16:16 Fletching
19:58 Hand Cart
21:06 Bow Saw
25:00 Town Watch
26:41 Heavy Plow
30:09 Squires
29:30 Pikeman
30:35 Chain Mail Armor
30:57 Iron Casting
34:42 Imperial Age
36:32 Halberdier
37:49 Plate Mail Armor
37:15 Elite Varangian Guard
38:56 Masonry
38:27 Treadmill Crane
39:54 Conscription
40:16 Guilds
43:42 Heavy Scorpion
45:51 Sanctity
xDakaaH
1:05 Loom
8:31 Feudal Age
12:43 Castle Age
10:35 Horse Collar
11:21 Double-Bit Axe
15:27 Bow Saw
15:55 Heavy Plow
17:39 Gold Mining
18:48 Stone Mining
20:11 Crossbowman
22:19 Gold Shaft Mining
24:12 Fletching
27:36 Imperial Age
25:22 Padded Archer Armor
25:45 Ballistics
26:37 Chieftains
27:27 Murder Holes
27:24 Pikeman
28:05 Squires
29:44 Conscription
29:26 Bogsveigar
29:49 Conscription
29:17 Arson
30:40 Two-Man Saw
29:52 Bodkin Arrow
30:12 Leather Archer Armor
29:22 Arbalester
32:53 Chemistry
33:05 Bracer
33:35 Ring Archer Armor
33:06 Scale Mail Armor
33:18 Siege Engineers
36:02 Elite Berserk
40:09 Chain Mail Armor
41:08 Onager
42:41 Light Cavalry
Ma-GwaH
8:44 Feudal Age
12:08 Loom
12:59 Wheelbarrow
16:29 Castle Age
16:15 Double-Bit Axe
16:19 Horse Collar
17:21 Bow Saw
17:36 Heavy Plow
23:37 Imperial Age
25:25 Chemistry
24:30 Padded Archer Armor
24:21 Fletching
24:38 Scale Barding Armor
25:30 Hand Cart
25:19 Town Watch
25:57 Ballistics
26:16 Crop Rotation
26:19 Leather Archer Armor
28:48 Two-Man Saw
28:21 Ring Archer Armor
27:47 Bodkin Arrow
29:38 Cuman Mercenaries
29:53 Gold Mining
30:26 Chain Barding Armor
30:20 Forging
30:45 Parthian Tactics
31:33 Stone Mining
32:18 Gold Shaft Mining
32:21 Plate Barding Armor
32:10 Heavy Cavalry Archer
33:30 Iron Casting
33:28 Thumb Ring
34:41 Steppe Husbandry
35:19 Conscription
34:49 Elite Kipchak
38:33 Blast Furnace
Stepanek90
2:22 Loom
8:34 Feudal Age
12:20 Castle Age
11:30 Double-Bit Axe
11:40 Horse Collar
13:57 Gold Mining
21:15 Bow Saw
22:05 Town Watch
22:21 Stone Mining
23:06 Gold Shaft Mining
22:35 Heavy Plow
22:42 Fletching
22:52 Padded Archer Armor
23:33 Crossbowman
24:30 Leather Archer Armor
24:54 Bodkin Arrow
25:15 Town Patrol
26:31 Ballistics
26:22 Masonry
29:16 Imperial Age
27:16 Scale Mail Armor
27:26 Forging
28:11 Treadmill Crane
28:27 Murder Holes
28:53 Chain Mail Armor
28:49 Town Patrol
30:11 Iron Casting
29:36 Arbalester
30:43 Bracer
31:14 Ring Archer Armor
30:48 Squires
32:24 Blast Furnace
31:54 Plate Mail Armor
30:49 Pikeman
32:11 Bogsveigar
33:24 Chemistry
32:55 Architecture
33:56 Two-Man Saw
33:29 Crop Rotation
32:46 Capped Ram
34:07 Conscription
34:24 Hoardings
33:52 Chieftains
34:34 Siege Ram
39:43 Onager
44:43 Elite Berserk
Connection lost

Rejoining the realm…

Still unreachable

The connection could not be restored.

Session expired

The server has moved on; the page needs a fresh start.